 Dungeon Crawl Stone Soup version 0.28-a0-1447-ga5a8893891 (webtiles) character file.

Game seed: 11046475099243932819

46 shadowrider38 the Skirmisher (level 3, 0/24 HPs)
             Began as a Kobold Abyssal Knight on Jan 11, 2022.
             Was a Follower of Lugonu.
             Succumbed to an adder's poison
             ... on level 3 of the Dungeon.
             The game lasted 00:10:11 (3371 turns).

shadowrider38 the Skirmisher (KoAK)                 Turns: 3371, Time: 00:10:11

Health: 0/24       AC:  4    Str: 10    XL:     3   Next: 92%
Magic:  4/4        EV: 18    Int: 13    God:    Lugonu [*.....]
Gold:   136        SH:  0    Dex: 15    Spells: 2/2 levels left

rFire   . . .      SeeInvis .   a - +1 short sword
rCold   . . .      Faith    .   (no shield)
rNeg    . . .      Spirit   .   b - +0 leather armour
rPois   .          Reflect  .   g - +0 helmet
rElec   .          Harm     .   (no cloak)
rCorr   .          Rampage  .   (no gloves)
Will    .....                   (no boots)
Stlth   ++........              j - amulet of the acrobat
HPRegen 0.08/turn               d - +4 ring of evasion
MPRegen 0.09/turn               (no ring)

@: lethally poisoned (0 -> -2), flying
A: small, no large weapons, nightstalker 3
a: Renounce Religion, Depart the Abyss


You were on level 3 of the Dungeon.
You worshipped Lugonu.
Lugonu was aware of your devotion.
You visited 1 branch of the dungeon, and saw 3 of its levels.
You visited the Abyss 1 time.

You collected 136 gold pieces.

Inventory:

Hand Weapons
 a - a +1 short sword (weapon)
Missiles
 c - 133 stones
 i - 10 poisoned darts (quivered)
Armour
 b - a +0 leather armour (worn)
 g - a +0 helmet (worn)
Jewellery
 d - a +4 ring of evasion (left hand)
 j - an amulet of the acrobat (around neck)
Scrolls
 f - 2 scrolls of identify {unknown}
 h - a scroll of teleportation {unknown}
Potions
 e - a potion of flight


   Skills:
 - Level 4.0 Fighting
 - Level 4.0 Short Blades
 - Level 0.7 Armour
 + Level 3.1 Dodging
 - Level 2.0 Invocations


You had 2 spell levels left.
You didn't know any spells.
Your spell library contained the following spells:

 Spells                   Type           Power      Damage    Failure   Level
 Animate Skeleton         Necr           0%         N/A       38%         1
 Freeze                   Ice            0%         1d3       38%         1
 Hailstorm                Conj/Ice       0%         3d3       99%         4
 Ozocubu's Refrigeration  Ice            0%         4d5       100%        7
 Disjunction              Tloc           0%         N/A       100%        8


Dungeon Overview and Level Annotations

Branches:
Dungeon (3/15)

Altars:

Shops:
D:1 !

Annotations:
D:2 exclusions: adder and goblin
D:3 exclusion: adder


Innate Abilities, Weirdness & Mutations

You are small and have problems with some larger weapons.
You are completely attuned to the shadows.


Message History

The adder is heavily wounded.
You feel sick. The adder closely misses you.
The adder bites you but does no damage.
You closely miss the adder.
The adder is heavily wounded.
You feel sick. The adder barely misses you.
You miss the adder.
The adder is heavily wounded.
You feel sick.
You are no longer poisoned.
The adder bites you but does no damage.
Press: ? - help, v - describe, . - travel, g - get item
Here: an adder (heavily wounded) Item here: a scroll labelled ZEEBAOZ HEIME.
The floor.
You closely miss the adder.
The adder is heavily wounded.
The adder bites you.
* * * LOW HITPOINT WARNING * * *
You are lethally poisoned!
The adder poisons you!
It was a potion of flight.
You feel very buoyant.
You fly up into the air.
* * * LOW HITPOINT WARNING * * *
You feel sick. The adder closely misses you.
You hit the adder.
The adder is severely wounded.
* * * LOW HITPOINT WARNING * * *
You feel sick. The adder misses you. The adder completely misses you.
You hit the adder.
The adder is almost dead.
The adder misses you.
You hit the adder.
The adder is almost dead.
* * * LOW HITPOINT WARNING * * *
You feel sick. The adder completely misses you.
You closely miss the adder.
The adder is almost dead.
You die...

#....###.####.#...####........)##
##...# #.# #.##.## ##...^##P..#
##..# #.# #.#### ##.....#...
#..###.# #.# ##..##.#.. #......#
#.# #.^..#.#. ######## ##########
#..##.#.# ##.'..#..$ #.^.#.#.#
##..##...# ##.._#.#P# ##.#..#†@##
####....#.#.# #
##.#..###S...#.##...##.#.# #
##.#.....#(.###...>....#.#. ##
##.#..#..###.# #####..##.#.. .#
##.#..#.##. .. #..P.#P..
#####.#..#.## #..##...#
..##.#..#.## #......##
.##.#..#.## ##.##### #..#..#.##
#.#


You could see an adder.

Vanquished Creatures
  An adder (D:3)
  A worm (D:2)
  A dart slug (D:1)
  2 ball pythons
  6 endoplasms
  A giant cockroach (D:1)
  2 goblins
  2 hobgoblins
  4 bats
  4 frilled lizards
  4 kobolds
  4 rats
32 creatures vanquished.

Vanquished Creatures (others)
  A plant (D:3)
1 creature vanquished.

Grand Total: 33 creatures vanquished

Notes
Turn   | Place    | Note
-------+----------+-------------------------------------------
     0 | Abyss:1  | shadowrider38 the Kobold Abyssal Knight began the quest for
                  | the Orb.
     0 | Abyss:1  | Reached XP level 1. HP: 14/14 MP: 2/2
    44 | Abyss:1  | Found a corrupted altar of Lugonu.
    51 | Abyss:1  | Noticed a large abomination
    60 | Abyss:1  | Noticed a ynoxinul
    62 | D:1      | Escaped the Abyss
   227 | D:1      | Found Etol's Distillery.
   316 | D:1      | Reached XP level 2. HP: 20/20 MP: 3/3
   444 | D:1      | Reached * piety under Lugonu
  1208 | D:2      | Got the Catalogue of Dislocation and the Snowflakes
  1434 | D:2      | Noticed a necrophage
  1542 | D:2      | Reached XP level 3. HP: 24/24 MP: 4/4
  2958 | D:3      | Identified the +10 whip of Cataclysm {pain, Drain rF++}
  3021 | D:3      | Found a faded altar of an unknown god.
  3024 | D:3      | Got Plato's Collected Works on Sinister Secrets
  3370 | D:3      | HP: 1/24 [poisoned by an adder]
  3371 | D:3      | Succumbed to an adder's poison

Illustrated notes

Levels and vault maps discovered:
D:1:      zaba_arrival_water, layout_rooms, serial_shops, shop
D:2:      layout_loops_cross, eino_curves_02
D:3:      minmay_razor_zed, layout_loops_corners,
          nicolae_overflow_hidden_temple, mainiacjoe_overflow_tiny_flanked,
          old_standard_altar, shapermc_ecumenical_altar_rom_forum,
          chequers_serial_rivers_micro_e

Skill      XL: |  1  2  3 |
---------------+----------+-----
Fighting       | 4 |  4.0
Short Blades   | 3 4 |  4.0
Dodging        | 3 |  3.1
Armour         | |  0.7
Invocations    | |  2.0

Action                   || total
-------------------------++-------
Melee: Short sword       ||    95
       Punch             ||     2
Throw: Stone             ||    11
       Dart              ||     2
Invok: Depart the Abyss  ||     1
  Use: Potion            ||     1
 Stab: Sleeping          ||     8
Armor: Leather armour    ||     8
Dodge: Dodged            ||    59

Table legend: (Time is in decaauts)
 A = Elapsed time spent in this place.
 B = Non-inter-level travel time spent in this place.
 C = Inter-level travel time spent in this place.
 D = Time resting spent in this place.
 E = Time spent auto-exploring this place.
 F = Levels seen in this place.
 G = Mean time per level.
                   A        B        C        D        E       F      G
               +--------+--------+--------+--------+--------+-----+--------+
         Total |   3404 |   3030 |    374 |    970 |   1024 |   4 |  851.0 |
       Dungeon |   3342 |   2968 |    374 |    970 |   1009 |   3 | 1114.0 |
         Abyss |     62 |     62 |      0 |      0 |     15 |   1 |   62.0 |
               +--------+--------+--------+--------+--------+-----+--------+

Top non-repeatable levels by time:
     D:2: 1423 daAuts
     D:1: 1317 daAuts
     D:3: 602 daAuts
 Abyss:1: 62 daAuts
